 Dungeon Crawl Stone Soup version 0.17-a0-1636-g3119f2b (webtiles) character file.

202849 mrath the Severer (level 18, -2/149 HPs)
             Began as a Minotaur Fighter on Aug 5, 2015.
             Was a High Priest of Okawaru.
             Killed from afar by a wretched star (15 damage)
             ... with an orb of energy
             ... on level 1 of the Abyss.
             The game lasted 07:38:24 (49048 turns).

mrath the Severer (Minotaur Fighter)               Turns: 49048, Time: 07:38:24

Health: -2/149     AC: 29    Str: 43    XL:     18   Next: 34%
Magic:  17/25      EV: 14    Int:  5    God:    Okawaru [*****.]
Gold:   855        SH: 21    Dex:  9    Spells: 0 memorised, 17 levels left

rFire  + . .     SeeInvis +     s - +8 mithril axe "Arga" {speed, MR+ Str+2}
rCold  + + +     Rnd*Rage +     m - +3 plate armour {rC+}
rNeg   + + .     SustAt   +     c - +5 shield
rPois  +         Gourm    .     (helmet restricted)
rElec  +         Spirit   .     z - +0 cloak {+Inv}
rCorr  +         Warding  +     Q - +1 pair of gloves "Hoisof" {rElec rCorr Str+3}
rMut   .         NoTele   +     o - +2 pair of boots {Fly}
MR     ++...                    y - amulet of Cekugob {Ward -Tele rElec rPois rN++ AC+1 EV+1}
Stlth  ..........               x - ring of see invisible
                                b - ring of Ru's Supremacy {SustAt rC+ Str+8 Stlth+}

@: liquid flames, resistant, finesse, flying, glowing, very resistant to hostile
enchantments, extremely unstealthy
A: retaliatory headbutt, horns 2, berserk 1, frail 1, screaming 1, slow healing
1, subdued magic 2
a: Heroism, Finesse, Renounce Religion, Evoke Invisibility, Stop Flying


You were on level 1 of the Abyss.
You worshipped Okawaru.
Okawaru was extremely pleased with you.
You were hungry.

You visited 4 branches of the dungeon, and saw 30 of its levels.
You visited the Abyss 1 time.
You also visited: Labyrinth.

You collected 3718 gold pieces.
You spent 2863 gold pieces at shops.

Inventory:

Hand weapons
 l - a +4 demon trident of venom
 s - the +8 mithril axe "Arga" (weapon) {speed, MR+ Str+2}
   (Okawaru gifted it to you on level 5 of the Lair of Beasts)

   Attacks with this weapon are significantly faster.
   It affects your strength (+2).
   It affects your resistance to hostile enchantments.
 t - a +1 antimagic whip
 w - the +3 hand axe of Undoing {speed, *Drain rElec Stlth+}
   (Okawaru gifted it to you on level 3 of the Elven Halls)

   Attacks with this weapon are significantly faster.
   It insulates you from electricity.
   It causes draining when unequipped.
   It makes you more stealthy.
 F - a +3 whip of holy wrath
 L - a +3 mace of protection
Missiles
 D - a poisoned javelin
 E - 8 javelins of penetration
 T - 2 javelins of returning (quivered)
 U - 2 steel javelins
Armour
 c - a +5 shield (worn)
 m - a +3 plate armour of cold resistance (worn)
 o - a +2 pair of boots of flying (worn)
 z - a +0 cloak of invisibility (worn)
 Q - the +1 pair of gloves "Hoisof" (worn) {rElec rCorr Str+3}
   (You found it on level 14 of the Dungeon)

   It affects your strength (+3).
   It insulates you from electricity.
   It protects you from acid and corrosion.
Rods
 a - a +0 rod of shadows (11/11)
   (You found it on level 15 of the Dungeon)
 B - a +3 rod of ignition (12/12)
   (You bought it in a shop on level 4 of the Orcish Mines)
Jewellery
 b - the ring of Ru's Supremacy (left hand) {SustAt rC+ Str+8 Stlth+}
   (You bought it in a shop on level 2 of the Orcish Mines)

   [ring of sustain attributes]

   It sustains your strength, intelligence and dexterity.
   It affects your strength (+8).
   It protects you from cold.
   It makes you more stealthy.
 h - an uncursed amulet of guardian spirit
 q - an uncursed amulet of warding
 x - a ring of see invisible (right hand)
 y - the amulet of Cekugob (around neck) {Ward -Tele rElec rPois rN++ AC+1 EV+1}
   (You took it off a deep elf blademaster on level 3 of the Elven Halls)

   [amulet of warding]

   It may prevent the melee attacks of summoned creatures.
   It affects your AC (+1).
   It affects your evasion (+1).
   It insulates you from electricity.
   It protects you from poison.
   It greatly protects you from negative energy.
   It prevents most forms of teleportation.
 A - an uncursed amulet of stasis
 C - an uncursed amulet of rage
Magical devices
 d - a wand of fire (5)
 e - a wand of paralysis (10)
 f - a wand of cold (13)
 u - a wand of invisibility (4)
 K - a wand of disintegration (11)
 N - a wand of fireball (7)
 V - a wand of hasting (1)
Scrolls
 g - 10 scrolls of fog
 n - 3 scrolls of blinking
 p - a scroll of magic mapping
 r - 11 scrolls of remove curse
 P - 4 scrolls of teleportation
 W - 3 scrolls of fear
Potions
 i - 6 potions of curing
 k - 2 potions of haste
 v - 3 potions of agility
 M - a potion of heal wounds
 Y - a potion of resistance
Comestibles
 j - 2 fruits


   Skills:
 + Level 15.9 Fighting
 + Level 16.7 Axes
 + Level 7.8 Throwing
 + Level 16.0 Armour
 + Level 11.7 Dodging
 + Level 15.7 Shields
 + Level 11.2 Invocations
 + Level 10.4 Evocations


You had 17 spell levels left.
You didn't know any spells.

Dungeon Overview and Level Annotations

Branches:
Dungeon (15/15)            Temple (0/1) D:7            Lair (8/8) D:9
 Shoals (0/4) Lair:3        Snake (0/4) Lair:3        Slime (0/6) Lair:7
    Orc (4/4) D:10            Elf (3/3) Orc:4        Vaults (0/5) D:13
 Depths (0/5) D:15

Altars:
Ashenzari
Cheibriados
Dithmenos
Fedhas
Kikubaaqudgha
Nemelex Xobeh
Okawaru
Qazlal
Sif Muna
Trog
Vehumet
Xom
Yredelemnul
Beogh
Jiyva

Shops:
D:12 [*   D:13 *   Orc:2 =   Orc:3 *   Orc:4 ([}!   Elf:2 !   Elf:3 [

Annotations:
Lair:6 exclusion: 2 oklob plants


Innate Abilities, Weirdness & Mutations

You reflexively headbutt those who attack you in melee.
You have a pair of horns on your head.
You tend to lose your temper in combat.
You occasionally shout uncontrollably at your foes.
[You are frail (-10% HP).]
[You heal slowly when monsters are visible.]
[Your spells are easier to cast, but less powerful.]


Message History

Your connection to magic feels more subdued.
The sun demon twists and deforms.
The balrug twists and deforms.
The smoke demon twists and deforms.
The balrug gestures at you.
The fireball explodes!
The fireball engulfs you! You resist.
* * * LOW HITPOINT WARNING * * *
The fireball engulfs the small abomination.
The small abomination is destroyed!
The fireball engulfs the balrug.
The balrug completely resists.
You hear a shout! x2
A smoke demon and a rakshasa come into view.
You slice the balrug!!
You kill the balrug!
Okawaru accepts your kill.
You feel the corruption within you wane somewhat.
You feel more energetic.
You feel stronger.
You are covered in liquid flames!
The wretched star glows turbulently.
The orb of energy hits you!
You die...

.# .# R# ## # # #E
. .# #. # #.##3
#.### ... # ...#
.... .....# #..##..
# .§. ...# ##.#...
# #§.. ...##@#
....#
...§...§..#)###...#
.. ..#.§§.*3.2*#.#
.. ..#### ...# #.3.
##### . .# ##. # #.
.## # # . . . .##.
. . # .# ... ...
'..


You could see a wretched star, a rakshasa, a sun demon, an earth elemental and a
smoke demon.

Vanquished Creatures
  A bone dragon (Abyss:1)
  A tentacled monstrosity (Abyss:1)
  3 deep elf blademasters
  A deep elf master archer (Elf:3)
  4 tentacled starspawn (Abyss:1)
  Agnes (Elf:1)
  A daeva (Abyss:1)
  6 deep elf sorcerers (Elf:3)
  Donald (Orc:2)
  Maud (D:13)
  An orc warlord (Orc:4)
  An angel (Abyss:1)
  A balrug (Abyss:1)
  A very ugly thing (Abyss:1)
  Nessos (D:15)
  A deep elf demonologist (Elf:3)
  6 deep elf annihilators (Elf:3)
  A dire elephant (D:15)
  A minotaur (Lab)
  A vault guard (D:13)
  A deep elf death mage (Elf:3)
  A blizzard demon (Abyss:1)
  Josephine (Orc:4)
  3 deep elf high priests (Elf:3)
  Fannar (D:9)
  6 hydras
  Erolcha (D:8)
  An ice dragon (Lair:8)
  3 centaur warriors
  Erica (D:10)
  16 dancing weapons
  2 hell hogs (Abyss:1)
  12 small abominations
  22 death yaks
  Urug (D:10)
  2 thrashing horrors (Abyss:1)
  An orc high priest (Orc:4)
  11 spriggans (Lair:6)
  Sonja (D:12)
  13 large abominations
  13 deep elf knights
  6 wretched stars (Abyss:1)
  4 unseen horrors
  5 skeletal warriors (D:14)
  2 lindwurms (Lair:8)
  13 deep elf summoners
  Pikel (D:8)
  10 hill giants
  4 orc knights
  A wolf spider zombie (D:15)
  2 hornets (Lair:8)
  4 wolf spiders
  10 deep elf conjurers
  2 orc sorcerers
  13 elephants
  2 worldbinders (Abyss:1)
  20 ugly things
  A salamander (D:15)
  A shining eye (Abyss:1)
  13 black mambas
  A manticore (shapeshifter) (Elf:1)
  5 smoke demons (Abyss:1)
  A gargoyle (D:10)
  6 centaur zombies
  A rust devil (Abyss:1)
  2 griffons
  A cyclops (D:15)
  Joseph (D:8)
  3 manticores
  6 torpor snails (Lair:8)
  2 apocalypse crabs (Abyss:1)
  21 spiny frogs
  2 centaur skeletons
  4 guardian serpents
  8 komodo dragons
  4 efreet
  3 fire drakes
  A demonic crawler (Abyss:1)
  8 deep elf priests
  2 hellwings (Abyss:1)
  3 spriggan druids (Lair:6)
  2 giant leeches (Lair:8)
  16 blink frogs
  A freezing wraith (D:14)
  7 trolls
  4 raiju (Abyss:1)
  3 slime creatures
  A boulder beetle (Lair:8)
  3 two-headed ogres
  3 wyverns
  2 ynoxinuls (Abyss:1)
  3 trapdoor spiders
  6 basilisks
  4 wraiths
  21 deep elf fighters
  45 yaks
  A vampire (D:13)
  11 hippogriffs
  2 neqoxecs (Abyss:1)
  23 deep elf magi
  6 hungry ghosts
  2 shadows
  5 wargs
  2 chaos spawn (Abyss:1)
  4 vampire mosquitoes (D:12)
  13 wolves
  A hornet simulacrum (D:15)
  A soldier ant (D:15)
  A mottled dragon (D:15)
  4 spiders (Lair:8)
  Duvessa (D:7)
  22 water moccasins
  8 sky beasts
  33 orc warriors
  6 ice beasts
  12 porcupines
  An ice beast (shapeshifter) (Abyss:1)
  9 wasps
  A slave (D:8)
  8 ogres
  5 phantoms
  2 black bears
  22 centaurs
  A big kobold (D:12)
  2 necrophages (D:11)
  23 giant frogs
  16 crocodiles
  3 brain worms (Lair:8)
  An earth elemental (Lab)
  4 gnoll sergeants
  Dowan (D:7)
  A wyvern skeleton (D:10)
  4 scorpions
  5 wights (D:9)
  2 electric eels
  14 killer bees
  7 crimson imps
  3 quasits
  A jelly (D:14)
  42 orc wizards
  23 starcursed masses (Abyss:1)
  7 hounds
  9 iguanas
  41 orc priests
  2 giant frog skeletons (D:5)
  An iron imp (Abyss:1)
  12 worker ants
  31 sheep
  A hound skeleton (D:7)
  A hound zombie (D:11)
  A mummy (D:11)
  A worker ant zombie (D:11)
  23 gnolls
  2 shadow imps
  A white imp (Abyss:1)
  29 adders
  81 river rats
  An ufetubus (Abyss:1)
  An ooze (D:1)
  17 worms
  An adder skeleton (D:4)
  4 giant geckos
  233 orcs
  A ball python (D:2)
  6 bats
  10 hobgoblins
  11 jackals
  4 giant cockroaches
  A giant gecko zombie (D:7)
  10 giant newts
  11 goblins
  7 kobolds
  2 quokka zombies
  12 rats
  A crawling corpse (Elf:3)
  4 fungi
  11 plants
  6 starspawn tentacles (Abyss:1)
  A starspawn tentacle segment (Abyss:1)
1425 creatures vanquished.

Vanquished Creatures (others)
  A deep elf mage (D:14)
  A shadow (Abyss:1)
  2 slaves (D:9)
  A small abomination (Abyss:1)
  A quasit (Abyss:1)
  A crimson imp (D:9)
  An orc wizard (D:10)
  A shadow imp (D:10)
  A giant gecko (D:9)
  An orc (D:10)
  A quokka (D:9)
  A bush (Lair:8)
  61 fungi
  A lurking horror (Abyss:1)
  62 plants
  4 starspawn tentacles (Abyss:1)
  41 starspawn tentacle segments (Abyss:1)
182 creatures vanquished.

Grand Total: 1607 creatures vanquished

Notes
Turn   | Place    | Note
--------------------------------------------------------------
     0 | D:1      | mrath the Minotaur Fighter began the quest for the Orb.
     0 | D:1      | Reached XP level 1. HP: 19/19 MP: 0/0
   141 | D:1      | Reached XP level 2. HP: 27/27 MP: 1/1
   256 | D:1      | Reached skill level 4 in Armour
  1293 | D:2      | Reached XP level 3. HP: 31/33 MP: 2/2
  1399 | D:2      | Found a basalt altar of Yredelemnul.
  1850 | D:2      | Reached XP level 4. HP: 38/40 MP: 3/3
  2090 | D:2      | Found a bloodstained altar of Trog.
  2342 | D:3      | Reached skill level 5 in Axes
  2390 | D:3      | Found an ancient bone altar of Kikubaaqudgha.
  2407 | D:3      | Reached XP level 5. HP: 37/46 MP: 4/4
  2478 | D:3      | Found a snail-covered altar of Cheibriados.
  2493 | D:3      | Reached skill level 6 in Axes
  2631 | D:3      | Found a blossoming altar of Fedhas.
  2695 | D:3      | Found a shadowy altar of Dithmenos.
  2789 | D:3      | Found a deep blue altar of Sif Muna.
  2949 | D:3      | Found a stormy altar of Qazlal.
  2951 | D:3      | Found a shimmering altar of Xom.
  3069 | D:4      | Reached skill level 7 in Axes
  3069 | D:4      | Reached XP level 6. HP: 46/52 MP: 5/5
  3295 | D:4      | Found an iron altar of Okawaru.
  3305 | D:4      | Became a worshipper of Warmaster Okawaru
  3393 | D:4      | Noticed a centaur
  3412 | D:4      | Killed a centaur
  3683 | D:4      | Noticed an ogre
  3690 | D:4      | Killed an ogre
  3911 | D:5      | Entered Level 5 of the Dungeon
  3916 | D:5      | Reached XP level 7. HP: 44/60 MP: 6/6
  4047 | D:4      | Reached skill level 5 in Armour
  4150 | D:5      | Reached skill level 5 in Fighting
  4229 | D:5      | Found a sparkling altar of Nemelex Xobeh.
  4296 | D:5      | Reached skill level 8 in Axes
  4385 | D:5      | Reached skill level 5 in Shields
  4718 | D:6      | Acquired Okawaru's first power
  4722 | D:6      | HP: 2/61 [gnoll/whip (4)]
  4727 | D:6      | HP: 2/61 [gnoll/spear (1)]
  5185 | D:6      | Reached XP level 8. HP: 46/69 MP: 7/7
  5609 | D:6      | Found an iron altar of Okawaru.
  5609 | D:6      | Found a radiant altar of Vehumet.
  5749 | D:6      | Reached skill level 9 in Axes
  6163 | D:6      | You are sucked into a shaft!
  6528 | D:7      | Found a staircase to the Ecumenical Temple.
  6749 | D:7      | Reached XP level 9. HP: 35/79 MP: 6/8
  6989 | D:7      | Noticed Duvessa
  6989 | D:7      | Noticed Dowan
  7006 | D:7      | Killed Duvessa
  7023 | D:7      | Killed Dowan
  7491 | D:8      | Noticed Joseph
  7855 | D:8      | Killed Joseph
  7855 | D:8      | Reached skill level 10 in Axes
  8350 | D:8      | Noticed Erolcha
  8377 | D:8      | Killed Erolcha
  8486 | D:8      | Reached XP level 10. HP: 88/91 MP: 9/9
  9401 | D:9      | Noticed an elephant
  9409 | D:9      | Noticed Pikel
  9418 | D:9      | Killed an elephant
  9418 | D:9      | Reached skill level 11 in Axes
  9427 | D:8      | Killed Pikel
  9543 | D:9      | Found a staircase to the Lair.
 10271 | D:9      | Reached skill level 10 in Fighting
 10653 | Lair:1   | Entered Level 1 of the Lair of Beasts
 10846 | D:9      | Reached skill level 10 in Armour
 11173 | Lair:1   | Reached skill level 10 in Shields
 11494 | Lair:1   | Noticed a black mamba
 11503 | Lair:1   | Killed a black mamba
 11666 | Lair:1   | Reached XP level 11. HP: 94/101 MP: 10/10
 11804 | Lair:1   | Reached skill level 1 in Invocations
 11874 | Lair:1   | Acquired Okawaru's second power
 11874 | Lair:1   | Reached skill level 1 in Dodging
 11874 | Lair:1   | Reached skill level 1 in Evocations
 12178 | Lair:1   | You are sucked into a shaft!
 12567 | Lair:1   | Noticed a death yak
 12567 | Lair:1   | Noticed a death yak
 12567 | Lair:1   | Noticed a death yak
 12569 | Lair:1   | Noticed a death yak
 12570 | Lair:1   | Noticed a death yak
 12577 | Lair:1   | Noticed a death yak
 12587 | Lair:1   | Killed a death yak
 12600 | Lair:1   | Killed a death yak
 12601 | Lair:1   | Killed a death yak
 12601 | Lair:1   | Received a gift from Okawaru
 12601 | Lair:1   | Reached skill level 12 in Axes
 12620 | Lair:1   | Killed a death yak
 12627 | Lair:1   | Killed a death yak
 12627 | Lair:1   | Received a gift from Okawaru
 12633 | Lair:1   | Killed a death yak
 12633 | Lair:1   | Received a gift from Okawaru
 15117 | Lair:2   | Reached XP level 12. HP: 106/110 MP: 13/13
 15375 | Lair:3   | Found a staircase to the Snake Pit.
 15900 | Lair:3   | Found a staircase to the Shoals.
 16317 | Lair:4   | Noticed a six-headed hydra
 16434 | Lair:4   | Killed a six-headed hydra
 17207 | Lair:4   | Reached skill level 5 in Dodging
 17890 | Lair:5   | Received a gift from Okawaru
 18194 | Lair:5   | Reached skill level 5 in Invocations
 18751 | Lair:6   | Reached skill level 13 in Axes
 19338 | Lair:7   | Noticed a seven-headed hydra
 19352 | Lair:7   | Killed a seven-headed hydra
 19706 | Lair:7   | Reached XP level 13. HP: 113/118 MP: 16/16
 19803 | Lair:7   | Found a staircase to the Slime Pits.
 19822 | Lair:7   | Found a viscous altar of Jiyva.
 20058 | Lair:7   | Received a gift from Okawaru
 20058 | Lair:7   | Reached skill level 5 in Evocations
 20898 | Lair:6   | Received a gift from Okawaru
 21623 | Lair:7   | Received a gift from Okawaru
 21792 | Lair:2   | Identified a scroll of acquirement
 21793 | Lair:2   | Got a steaming cloak
 21804 | Lair:2   | Identified the +0 cloak of Brilliance {Int+3} (You acquired it on level 2 of the Lair of Beasts)
 22239 | Lair:7   | Reached XP level 14. HP: 127/127 MP: 10/18
 22361 | Lair:8   | Entered Level 8 of the Lair of Beasts
 22452 | Lair:8   | Found a snail-covered altar of Cheibriados.
 23137 | Lair:8   | Reached skill level 14 in Axes
 23676 | Lair:8   | Received a gift from Okawaru
 23677 | Lair:8   | Got a transparent lajatang {god gift}
 24153 | Lair:8   | Found a runed door.
 24539 | Lair:8   | Identified the Handbook of the Entourage
 25342 | Lair:2   | Identified the +7 lajatang "Boqofuyh" {venom, Int+5} (Okawaru gifted it to you on level 8 of the Lair of Beasts)
 25466 | D:10     | Entered Level 10 of the Dungeon
 25526 | D:10     | Noticed Fannar
 25552 | D:9      | Killed Fannar
 25834 | D:10     | Found a staircase to the Orcish Mines.
 26075 | D:10     | Noticed Erica
 26090 | D:10     | Killed Erica
 26090 | D:10     | Received a gift from Okawaru
 26456 | D:10     | Noticed Urug
 26464 | D:10     | Killed Urug
 26541 | D:10     | Reached XP level 15. HP: 134/136 MP: 20/20
 27158 | Orc:1    | Entered Level 1 of the Orcish Mines
 27514 | Orc:1    | Found a roughly hewn altar of Beogh.
 27716 | Orc:1    | Found a roughly hewn altar of Beogh.
 28563 | Orc:2    | Found Zossufis's Jewellery Emporium.
 28979 | Orc:3    | Found Bamauzue's Assorted Antiques.
 28982 | Orc:3    | Noticed Donald
 29039 | Orc:2    | Killed Donald
 29831 | Orc:4    | Entered Level 4 of the Orcish Mines
 29844 | Orc:4    | Reached skill level 1 in Throwing
 30219 | Orc:3    | Found a bloodstained altar of Trog.
 30984 | Orc:4    | Found a roughly hewn altar of Beogh.
 31006 | Orc:4    | Found Hecvax's Distillery.
 31267 | Orc:4    | Found a roughly hewn altar of Beogh.
 31285 | Orc:4    | Found Xuluixo's Gadget Boutique.
 31403 | Orc:4    | Found a roughly hewn altar of Beogh.
 31449 | Orc:4    | Noticed Josephine
 31465 | Orc:4    | Killed Josephine
 31540 | Orc:4    | Found a staircase to the Elven Halls.
 31719 | Orc:4    | Found a roughly hewn altar of Beogh.
 32100 | Orc:4    | Found Wuzeblas's Antique Weapon Emporium.
 32102 | Orc:4    | Found a roughly hewn altar of Beogh.
 32119 | Orc:4    | Found Enuucs's Antique Armour Shoppe.
 32146 | Orc:4    | Bought a pair of encrusted gloves for 256 gold pieces
 32156 | Orc:4    | Identified the +2 pair of gloves "Hohafuy" {rN+} (You bought it in a shop on level 4 of the Orcish Mines)
 32156 | Orc:4    | Bought an embroidered cloak for 121 gold pieces
 32488 | Orc:3    | Bought a polished chain mail for 342 gold pieces
 32498 | Orc:3    | Identified the cursed +0 chain mail of the Locust {+Inv rElec rF+} (You bought it in a shop on level 3 of the Orcish Mines)
 32553 | Orc:2    | Bought the ring of Ru's Supremacy {SustAt rC+ Str+8 Stlth+} for 868 gold pieces
 32625 | Orc:4    | Bought a potion of heal wounds for 55 gold pieces
 32625 | Orc:4    | Bought a potion of curing for 33 gold pieces
 32625 | Orc:4    | Bought a potion of curing for 33 gold pieces
 32625 | Orc:4    | Bought a potion of heal wounds for 55 gold pieces
 32735 | Orc:4    | Bought a +3 rod of ignition (12/12) for 1100 gold pieces
 34135 | D:12     | Found Uperupp's General Store.
 34588 | D:12     | Reached skill level 15 in Axes
 34868 | D:12     | Noticed Sonja
 34875 | D:12     | Killed Sonja
 35288 | D:12     | Found Atzohuome's Armour Emporium.
 36681 | D:13     | Found Gacw's General Store.
 36804 | D:13     | Found a gate to the Vaults.
 36965 | D:13     | Noticed Maud
 36978 | D:13     | Killed Maud
 37688 | D:14     | Got a pair of transparent gloves
 37710 | D:14     | Identified the +1 pair of gloves "Hoisof" {rElec rCorr Str+3} (You found it on level 14 of the Dungeon)
 38254 | D:14     | Reached XP level 16. HP: 147/147 MP: 21/21
 38472 | D:14     | Found a stormy altar of Qazlal.
 39291 | D:15     | Entered Level 15 of the Dungeon
 39291 | D:15     | Noticed Nessos
 39395 | D:15     | Killed Nessos
 39395 | D:15     | Reached skill level 10 in Dodging
 39480 | D:15     | Received a gift from Okawaru
 39623 | D:15     | Identified a +0 rod of shadows (11/11) (You found it on level 15 of the Dungeon)
 39635 | D:15     | Found a labyrinth entrance.
 39644 | Lab      | Entered a labyrinth
 40861 | Lab      | Got a fine plate armour
 40865 | Lab      | Identified the Disquisition on the Mountains and Changing
 40870 | Lab      | Identified the Handbook of Enchantment
 41118 | D:15     | Found a shattered altar of Ashenzari.
 41573 | D:15     | Found a staircase to the Depths.
 41657 | D:15     | Identified the cursed +0 plate armour of a treasure trove {Str+7} (You took it off a minotaur in a labyrinth)
 42253 | Elf:1    | Entered Level 1 of the Elven Halls
 42330 | Elf:1    | Received a gift from Okawaru
 42822 | Elf:1    | Noticed Agnes
 42840 | Elf:1    | Killed Agnes
 42840 | Elf:1    | Reached skill level 5 in Throwing
 43179 | Elf:1    | Noticed a deep elf blademaster
 43190 | Elf:1    | Received a gift from Okawaru
 43206 | Elf:1    | Reached skill level 15 in Armour
 43231 | Elf:1    | Killed a deep elf blademaster
 44236 | Elf:2    | Reached skill level 15 in Fighting
 44547 | Elf:2    | Received a gift from Okawaru
 44670 | Elf:2    | Found Eplahich's Distillery.
 44917 | Elf:2    | Reached skill level 10 in Invocations
 44927 | Elf:2    | Found a runed gate.
 44927 | Elf:2    | Found a runed gate.
 44927 | Elf:2    | Found a runed gate.
 45179 | Elf:2    | Reached XP level 17. HP: 151/156 MP: 23/23
 45239 | Elf:2    | Noticed a deep elf blademaster
 45260 | Elf:2    | Killed a deep elf blademaster
 45412 | Elf:2    | Reached skill level 16 in Axes
 45634 | Elf:2    | Received a gift from Okawaru
 45709 | Elf:3    | Entered Level 3 of the Elven Halls
 46635 | Elf:3    | Found Somong's Armour Boutique.
 47031 | Elf:3    | Reached skill level 15 in Shields
 47063 | Elf:3    | Received a gift from Okawaru
 47098 | Elf:3    | Received a gift from Okawaru
 47337 | Elf:3    | Got a twisted hand axe {god gift}
 47537 | Elf:3    | Cast into the Abyss (a deep elf demonologist)
 47686 | Abyss:1  | Paralysed by accursed screaming for 2 turns
 47699 | Abyss:1  | Reached skill level 10 in Evocations
 48080 | Abyss:1  | Paralysed by you for 4 turns
 48233 | Abyss:1  | Noticed a tentacled monstrosity
 48244 | Abyss:1  | Killed a tentacled monstrosity
 48244 | Abyss:1  | Received a gift from Okawaru
 48259 | Abyss:1  | Reached XP level 18. HP: 64/166 MP: 20/25
 48431 | Abyss:1  | Paralysed by accursed screaming for 1 turns
 48441 | Abyss:1  | HP: 4/166 [starcursed mass/accursed screaming (10)]
 48454 | Abyss:1  | Gained mutation: [Your spells are a little easier to cast, but a little less powerful.] [a neqoxec]
 48478 | Abyss:1  | Lost intelligence.
 48524 | Abyss:1  | Gained mutation: You sometimes yell uncontrollably at your foes. [a shining eye]
 48532 | Abyss:1  | Gained mutation: You often lose your temper in combat. [a shining eye]
 48645 | Abyss:1  | Identified the +3 hand axe of Undoing {speed, *Drain rElec Stlth+} (Okawaru gifted it to you on level 3 of the Elven Halls)
 48852 | Abyss:1  | Noticed a bone dragon
 48876 | Abyss:1  | Killed a bone dragon
 49037 | Abyss:1  | HP: 2/149 [balrug/fireball (9)]
 49043 | Abyss:1  | HP: 3/149 [balrug/fireball (1)]
 49048 | Abyss:1  | Killed from afar by a wretched star

Vault maps used:
D:1:      roderic_crop_circles_arrival_small, minmay_ruptured
D:2:      lemuel_doored_altar, old_standard_altar
D:3:      led_sif_pool, lemuel_crystal_altar, fedhas_altar_1,
          kiku_gazebo_pond_becter, cheibriados_altar_wand_db,
          nicolae_overflow_hidden_temple, first_bread
D:4:      okawaru_ov_weapons_minmay
D:5:      nicolae_overflow_crystal_walls, solitary_fountain,
          minmay_strange_pillars
D:6:      gammafunk_temple_overflow_pools, st_stairs_14, glass_columns_a
D:7:      minmay_temple_entry_mist, grunt_ogre_cave, uniq_duvessa
D:8:      dk_noncrumbling_3, uniq_joseph, uniq_erolcha
D:9:      david_lair_generic, uniq_pikel
D:10:     erik_orc_4, uniq_urug, uniq_fannar, uniq_erica
D:11:     nrook_guardian_serpent_snake_passage, serial_undead, serial_undead_c,
          serial_undead_e, serial_undead_f, serial_undead_b
D:12:     serial_shops, shop, shop, uniq_sonja
D:13:     david_vaults_5, serial_shops, shop, uniq_maud
D:14:     basic_altar
D:15:     hangedman_depths_entry_try_elsewhere_first, lab_entry_generic,
          serial_bayou_pond_e, nicolae_ashenzari_panopticon, uniq_nessos
Lair:1:   hibernation_bobbens
Lair:3:   minmay_shoals_entry_centaurs, minmay_snake_entry_spellcaster,
          nicolae_quartered_pool_medium, lemuel_fruit_tree
Lair:4:   serial_bayou_shore_b
Lair:5:   lightli_volcano_entry_magma_tube, st_stairs_4
Lair:6:   forest_paths, minmay_lair_oklob_bushes
Lair:7:   slime_altar_1, minmay_holes
Lair:8:   hangedman_lair_tendril_chambers, wormcave, kennysheep_snail_temple
Orc:1:    nicolae_orc_accident_2, basic_altar, guppyfry_library_mini
Orc:2:    serial_shops, shop
Orc:3:    serial_shops, nicolae_shop_crystal, nicolae_orc_pool_cavern,
          david_defended_altar_orc, uniq_donald
Orc:4:    grunt_orc_community_town_hall, grunt_orc_community_big_house_2,
          grunt_orc_community_big_house_2, grunt_orc_community_house_1,
          grunt_orc_community_house_3, grunt_orc_community_house_1,
          grunt_orc_community_house_1, uniq_josephine
Elf:1:    minmay_elf_arrival_summoners, minivault_28, uniq_agnes
Elf:2:    serial_shops, shop, billiards_dpeg
Elf:3:    minmay_elf_hall_dome, serial_shops, shop, hex_tiny
Lab:      nicolae_lab_dead_adventurers, labyrinth_fake_exit,
          labyrinth_skeletal_remains, nicolae_lab_garden, nicolae_lab_hexagon,
          nicolae_lab_quarters

Action                   |  1- 3 |  4- 6 |  7- 9 | 10-12 | 13-15 | 16-18 || total
-------------------------+-------+-------+-------+-------+-------+-------++-------
Melee: War axe           |   124 |   115 |   253 |   614 |     9 |       ||  1115
       Mace              |       |       |    62 |    37 |   187 |    79 ||   365
       Broad axe         |       |       |       |    72 |  1315 |   815 ||  2202
       Whip              |       |       |       |       |     9 |    69 ||    78
 Fire: Hunting sling     |       |     2 |       |       |       |       ||     2
       Blowgun           |       |       |       |       |       |     6 ||     6
Throw: Stone             |     5 |     3 |     9 |       |       |       ||    17
       Javelin           |       |     7 |    16 |    25 |   143 |   136 ||   327
       Tomahawk          |       |       |       |    12 |    31 |    17 ||    60
Invok: Heroism           |       |       |     6 |     9 |    21 |    15 ||    51
       Finesse           |       |       |       |     2 |    14 |    14 ||    30
Evoke: Wand              |       |       |       |       |     3 |     6 ||     9
       Rod               |       |       |       |       |     1 |       ||     1
  Use: Scroll            |       |     3 |    16 |    14 |    15 |     6 ||    54
       Potion            |       |       |     4 |     3 |       |    17 ||    24
 Stab: Paralysed         |       |       |       |       |     1 |       ||     1
       Distracted        |       |       |       |       |       |     1 ||     1
  Eat: Chunk             |     3 |     2 |     9 |    14 |    27 |    11 ||    66
       Bread ration      |       |     1 |     1 |     1 |     1 |       ||     4
       Beef jerky        |       |       |     1 |     8 |     4 |       ||    13
       Pizza             |       |       |     1 |     1 |       |     1 ||     3
       Meat ration       |       |       |       |     1 |     4 |     3 ||     8
       Fruit             |       |       |       |     2 |     2 |    13 ||    17
       Royal jelly       |       |       |       |     1 |     1 |       ||     2
